AoeStats
← Iguano Pop

African Clearing

505752649Analyzed
2v2 RM · 22d ago on Sep 10, 2026· 50m 22s· 4 players
Game mode
Random Map
Map size
Medium (4 player)
Population
200
Speed
Normal
Resources
Standard
Victory
Conquest
Starting age
Dark Age
Ending age
Imperial Age
RankedLock teamsTeams togetherTeam positionsShared explorationLock speedFull tech treeHidden civsTurbo modeCheats
Victory
Defeat
🇨🇴 Franks · Colombia
1464
+13
🇦🇷 Goths · Argentina
1421
+15
🇦🇷 Khmer · Argentina
1456
-16
🇲🇽 Bulgarians · Mexico
1357
-12
Maradonagro
2:55 Loom
13:31 Feudal Age
16:52 Castle Age
14:40 Double-Bit Axe
17:04 Bloodlines
24:48 Bow Saw
27:42 Town Watch
29:10 Horse Collar
32:50 Wheelbarrow
33:59 Heavy Plow
39:27 Imperial Age
37:18 Forging
37:55 Hand Cart
38:16 Tusk Swords
38:25 Husbandry
38:56 Gold Mining
38:56 Stone Mining
39:54 Scale Barding Armor
41:37 Iron Casting
41:36 Conscription
44:00 Blast Furnace
45:07 Gold Shaft Mining
45:07 Stone Shaft Mining
45:38 Chain Barding Armor
Iguano Pop
10:18 Loom
10:24 Loom
11:17 Loom
14:17 Feudal Age
18:39 Castle Age
16:42 Fletching
27:30 Gambesons
29:47 Bodkin Arrow
30:28 Town Watch
31:08 Horse Collar
32:01 Squires
32:06 Arson
32:22 Scale Mail Armor
34:50 Chain Mail Armor
35:00 Pikeman
36:48 Wheelbarrow
36:11 Double-Bit Axe
36:54 Forging
39:44 Iron Casting
42:49 Imperial Age
42:11 Gold Mining
44:04 Plate Mail Armor
45:45 Blast Furnace
45:57 Bow Saw
47:23 Conscription
47:11 Scale Barding Armor
50:32 Bagains
I CZK I Break
7:49 Loom
11:45 Feudal Age
12:48 Double-Bit Axe
14:53 Scale Barding Armor
22:09 Castle Age
21:01 Forging
22:19 Gold Mining
23:33 Chain Barding Armor
27:29 Husbandry
27:43 Bow Saw
31:50 Wheelbarrow
39:09 Imperial Age
39:25 Cavalier
40:27 Conscription
41:09 Plate Barding Armor
41:20 Iron Casting
42:35 Paladin
45:51 Hand Cart
45:22 Town Watch
47:09 Blast Furnace
| CZK | - Diego -
13:22 Feudal Age
14:09 Loom
18:04 Castle Age
15:54 Double-Bit Axe
15:48 Man-at-Arms
16:29 Scale Mail Armor
18:54 Long Swordsman
20:00 Horse Collar
21:08 Pikeman
22:48 Chain Mail Armor
24:31 Bow Saw
25:05 Squires
26:26 Forging
28:50 Wheelbarrow
30:54 Heavy Plow
38:33 Imperial Age
38:39 Iron Casting
39:12 Hand Cart
39:05 Halberdier
41:19 Conscription
42:06 Blast Furnace
41:49 Two-Handed Swordsman
42:30 Champion
43:28 Gold Mining
44:28 Fletching
45:40 Perfusion
Connection lost

Rejoining the realm…

Still unreachable

The connection could not be restored.

Session expired

The server has moved on; the page needs a fresh start.